Map: Dusk Towers

Players

State

  • Race: Protoss Protoss

Steisjo - Winner!

  • Race: Protoss Protoss
  • League: Silver

Event: DreamHack ZOWIE Open Leipzig

VOD

Have the link to the VOD?

Description

Time

  • Played on: Jan. 22, 2016, 8:24 a.m.
  • Length: 14:35

All games in this series

Show
View Real Time Build Order
Export as new Build Order

State Protoss 

Build Orders: 1 Gate Expand 

Get SALT Encoding   

  12  0:00  Probe (Chrono Boost)  
  13  0:11  Probe (Chrono Boost)  
  14  0:18  Pylon  
  14  0:22  Probe (Chrono Boost)  
  15  0:36  Probe (Chrono Boost)  
  15  0:37  Gateway  
  16  0:44  Assimilator  
  16  0:46  Probe (Chrono Boost)  
  18  0:57  Probe (Chrono Boost)  
  18  1:07  Probe (Chrono Boost)  
  19  1:18  Nexus  
  19  1:21  Probe (Chrono Boost)  
  20  1:31  Cybernetics Core  
  20  1:34  Probe (Chrono Boost)  
  21  1:42  Assimilator  
  21  1:45  Probe (Chrono Boost)  
  22  1:50  Pylon  
  22  1:55  Probe (Chrono Boost)  
  23  2:09  Mothership Core (Chrono Boost), Adept (Chrono Boost)  
  23  2:13  Warp Gate (Chrono Boost)  
  27  2:23  Gateway  
  27  2:27  Probe (Chrono Boost)  
  28  2:32  Stalker (Chrono Boost)  
  28  2:33  Probe  
  31  2:41  Pylon  
  31  2:42  Probe  
  32  2:47  Probe  
  33  2:56  Probe  
  34  3:00  Probe  
  34  3:01  Pylon  
  34  3:08  Probe (Chrono Boost)  
  35  3:14  Stalker  
  35  3:15  Probe (Chrono Boost)  
  37  3:22  Stalker  
  37  3:25  Probe (Chrono Boost)  
  41  3:27  Probe (Chrono Boost)  
  41  3:37  Probe (Chrono Boost)  
  42  3:41  Probe (Chrono Boost), Robotics Facility  
  42  3:47  Probe (Chrono Boost)  
  44  3:52  Probe (Chrono Boost)  
  45  3:58  Probe (Chrono Boost)  
  47  4:03  Probe (Chrono Boost)  
  47  4:04  Pylon  
  47  4:05  Pylon  
  47  4:07  Pylon  
  47  4:08  Probe (Chrono Boost), Pylon  
  48  4:15  Twilight Council  
  48  4:18  Probe (Chrono Boost)  
  48  4:19  Probe (Chrono Boost)  
  48  4:20  Sentry  
  48  4:23  Stalker  
  54  4:28  Probe (Chrono Boost)  
  54  4:30  Assimilator  
  55  4:31  Assimilator  
  55  4:34  Observer (Chrono Boost)  
  55  4:35  Pylon  
  55  4:37  Probe  
  57  4:41  Probe  
  57  4:46  Blink (Chrono Boost)  
  57  4:49  Warp Prism (Chrono Boost)  
  59  4:57  Probe, Dark Shrine  
  59  4:58  Probe  
  61  5:06  Phoenix  
  61  5:09  Probe  
  61  5:11  Nexus  
  61  5:13  Probe  
  63  5:21  Gateway, Observer, Probe  
  63  5:25  Probe  
  63  5:28  Gateway  
  66  5:34  Probe  
  67  5:36  Gateway  
  67  5:37  Probe  
  67  5:44  Pylon  
  67  5:46  Probe (Chrono Boost)  
  64  5:52  Probe (Chrono Boost)  
  64  5:54  Stalker x2  
  68  6:00  Probe (Chrono Boost)  
  69  6:05  Forge  
  69  6:06  Probe (Chrono Boost)  
  71  6:12  Probe (Chrono Boost)  
  71  6:20  Dark Templar x2  
  71  6:22  Dark Templar  
  71  6:24  Probe (Chrono Boost)  
  80  6:25  Probe x2 (Chrono Boost)  
  80  6:33  Pylon  
  80  6:34  Probe (Chrono Boost)  
  80  6:36  Probe (Chrono Boost)  
  80  6:37  Stalker, Probe (Chrono Boost)  
  85  6:40  Protoss Ground Weapons Level 1 (Chrono Boost)  
  85  6:45  Probe (Chrono Boost)  
  85  6:46  Probe (Chrono Boost)  
  85  6:50  Probe (Chrono Boost)  
  85  6:51  Immortal  
  88  6:55  Probe (Chrono Boost)  
  88  6:59  Charge  
  88  7:00  Probe (Chrono Boost)  
  87  7:02  Stalker, Probe (Chrono Boost)  
  87  7:03  Stalker x2  
  87  7:06  Probe (Chrono Boost)  
  94  7:10  Probe (Chrono Boost)  
  95  7:20  Gateway, Pylon, Probe  
  95  7:21  Probe  
  95  7:22  Pylon  
  97  7:26  Probe  
  97  7:28  Assimilator  
  97  7:29  Stalker  
  100  7:30  Assimilator  
  100  7:32  Probe  
  100  7:33  Probe  
  101  7:38  Probe  
  101  7:43  Immortal  
  102  7:45  Templar Archives, Probe x2  
  109  7:57  Pylon  
  108  8:01  Zealot  
  108  8:02  Pylon, Zealot x3  
  108  8:05  Pylon  
  116  8:06  Pylon  
  116  8:13  Gateway  
  116  8:14  Gateway  
  116  8:15  Gateway  
  116  8:17  Warp Prism  
  117  8:27  High Templar x3  
  117  8:28  High Templar x3  
  129  8:36  Protoss Ground Weapons Level 2 (Chrono Boost)  
  129  8:37  Gateway  
  129  8:40  Gateway  
  129  8:44  Nexus  
  129  8:59  Gateway x2  
  129  9:00  Gateway  
  129  9:02  Pylon, Zealot, High Templar x2  
  135  9:04  Probe  
  136  9:10  Archon x3  
  136  9:12  Archon  
  132  9:19  Zealot, High Templar x2  
  138  9:26  Probe  
  138  9:27  Probe x2, Pylon  
  138  9:29  Archon  
  138  9:30  High Templar x2  
  138  9:31  Zealot x2  
  149  9:34  Pylon, Photon Cannon  
  149  9:37  Archon  
  149  9:39  Probe x2  
  149  9:42  Stalker x3  
  149  9:43  Probe  
  158  9:48  Assimilator  
  158  9:52  High Templar  
  160  9:53  Assimilator  
  160  9:59  High Templar  
  162  10:01  Probe x3  
  162  10:02  Probe  
  162  10:06  Zealot x2  
  162  10:07  Psionic Storm, Zealot x4  
  176  10:13  Probe  
  177  10:24  Stalker x4, Protoss Ground Weapons Level 3  
  177  10:26  Zealot x3  
  177  10:27  Probe  
  192  10:31  Stalker  
  194  10:41  Stalker  
  196  10:44  Pylon  
  196  10:45  Pylon  
  196  10:58  Gateway  
  196  10:59  Gateway x2  
  196  11:00  Gateway  
  196  11:09  Zealot  
  196  11:10  Zealot  
  200  11:17  Pylon  
  200  11:20  Pylon  
  200  11:21  Pylon  
  197  11:26  High Templar  
  197  11:28  High Templar  
  197  11:30  Nexus  
  197  11:32  Pylon x2  
  194  11:34  Pylon  
  188  11:40  High Templar x4  
  188  11:43  Stalker x2  
  200  11:53  Pylon  
  200  11:56  Pylon  
  200  11:58  Pylon x2  
  200  12:00  Pylon  
  200  12:02  Pylon x2  
  200  12:04  Pylon x2  
  200  12:20  Photon Cannon  
  200  12:22  Photon Cannon x2  
  182  12:55  Stalker x5  
  182  12:56  Stalker x2  
  182  12:58  Stalker x8  
  107  13:13  High Templar x3  
  107  13:16  Probe  
  107  13:18  High Templar  
  107  13:19  High Templar x7  
  130  13:21  Stalker  
  130  13:22  Zealot x3  
  130  13:24  Archon x2  
  130  13:25  Archon x3  
  134  13:27  Zealot, High Templar  
  134  13:28  Zealot  
  124  13:44  Archon  
  124  13:46  Stalker x3  
  124  13:47  Stalker  
  132  13:50  Stalker  
  132  13:52  Stalker x6  
  142  13:59  Stalker x2  
  134  14:03  Assimilator  
  134  14:04  Assimilator  
  134  14:06  Stalker x3  
  122  14:12  Stalker x2  
  120  14:22  Stalker x4  
Show
View Real Time Build Order
Export as new Build Order

Steisjo Protoss - Winner!

Build Orders: 1 Gate Expand 

Get SALT Encoding   

  12  0:01  Probe (Chrono Boost)  
  13  0:11  Probe (Chrono Boost)  
  14  0:18  Pylon  
  14  0:22  Probe (Chrono Boost)  
  15  0:36  Gateway, Probe (Chrono Boost)  
  15  0:42  Assimilator  
  16  0:47  Probe (Chrono Boost)  
  17  0:58  Probe (Chrono Boost)  
  17  0:59  Gateway  
  18  1:08  Probe (Chrono Boost)  
  19  1:24  Cybernetics Core  
  19  1:42  Nexus  
  20  1:51  Pylon  
  21  2:03  Adept x2 (Chrono Boost)  
  21  2:07  Warp Gate  
  23  2:11  Probe  
  24  2:16  Assimilator  
  24  2:23  Probe  
  24  2:28  Adept (Chrono Boost)  
  27  2:35  Adept (Chrono Boost)  
  29  2:38  Probe  
  30  2:50  Probe  
  31  3:02  Probe  
  31  3:04  Probe  
  29  3:14  Probe (Chrono Boost)  
  29  3:15  Probe (Chrono Boost)  
  29  3:18  Stargate  
  31  3:20  Stargate  
  31  3:26  Probe x2 (Chrono Boost)  
  33  3:37  Probe (Chrono Boost)  
  33  3:39  Mothership Core (Chrono Boost)  
  36  3:41  Pylon  
  36  3:48  Probe (Chrono Boost)  
  37  3:54  Assimilator  
  37  3:57  Probe (Chrono Boost)  
  37  3:58  Probe (Chrono Boost), Assimilator  
  39  4:03  Phoenix  
  39  4:09  Probe (Chrono Boost)  
  42  4:12  Probe (Chrono Boost)  
  42  4:17  Phoenix  
  45  4:19  Probe (Chrono Boost)  
  45  4:22  Probe (Chrono Boost)  
  47  4:28  Pylon  
  47  4:30  Probe (Chrono Boost), Phoenix  
  50  4:33  Probe (Chrono Boost)  
  51  4:40  Probe (Chrono Boost)  
  51  4:43  Pylon  
  53  4:47  Phoenix (Chrono Boost)  
  53  4:50  Probe (Chrono Boost)  
  53  4:51  Probe (Chrono Boost)  
  56  5:01  Probe (Chrono Boost), Robotics Facility  
  56  5:04  Probe (Chrono Boost)  
  56  5:05  Phoenix (Chrono Boost)  
  60  5:11  Pylon  
  60  5:13  Probe  
  61  5:16  Probe  
  61  5:18  Pylon  
  62  5:23  Sentry  
  62  5:25  Probe  
  62  5:26  Pylon  
  65  5:34  Probe  
  66  5:40  Nexus  
  66  5:50  Phoenix (Chrono Boost)  
  66  5:53  Observer (Chrono Boost)  
  66  5:54  Sentry  
  66  5:55  Adept  
  73  5:57  Pylon  
  73  5:59  Probe x2, Pylon  
  75  6:06  Void Ray (Chrono Boost)  
  79  6:12  Observer (Chrono Boost)  
  79  6:13  Probe  
  81  6:21  Probe  
  81  6:25  Probe  
  83  6:33  Probe  
  83  6:35  Immortal (Chrono Boost), Void Ray (Chrono Boost)  
  83  6:37  Probe  
  93  6:45  Probe  
  94  6:49  Probe  
  95  6:57  Probe  
  95  6:58  Void Ray (Chrono Boost)  
  95  6:59  Probe  
  101  7:01  Probe  
  101  7:03  Assimilator  
  101  7:05  Assimilator  
  102  7:09  Probe, Pylon  
  102  7:12  Void Ray (Chrono Boost)  
  102  7:13  Probe, Forge  
  108  7:16  Probe  
  108  7:17  Immortal (Chrono Boost)  
  113  7:23  Pylon  
  113  7:26  Pylon  
  112  7:44  Fleet Beacon  
  112  7:45  Stargate  
  113  7:51  Immortal (Chrono Boost)  
  113  7:52  Photon Cannon x2  
  113  7:54  Void Ray (Chrono Boost)  
  123  8:06  Void Ray (Chrono Boost)  
  123  8:09  Photon Cannon  
  123  8:13  Pylon  
  123  8:16  Pylon  
  123  8:25  Protoss Air Weapons Level 1  
  125  8:30  Immortal  
  125  8:32  Void Ray (Chrono Boost)  
  135  8:34  Carrier (Chrono Boost)  
  137  8:43  Photon Cannon  
  137  8:46  Pylon  
  137  8:51  Photon Cannon  
  137  8:57  Carrier (Chrono Boost)  
  137  8:58  Photon Cannon  
  137  9:02  Graviton Catapult  
  143  9:06  Photon Cannon  
  143  9:13  Immortal  
  153  9:24  Carrier (Chrono Boost)  
  153  9:38  Pylon  
  151  9:41  Photon Cannon  
  151  9:42  Pylon  
  151  9:46  Photon Cannon  
  151  9:52  Photon Cannon  
  151  9:54  Photon Cannon  
  151  9:55  Carrier (Chrono Boost)  
  155  10:10  Immortal  
  159  10:19  Photon Cannon, Carrier (Chrono Boost)  
  165  10:37  Protoss Air Weapons Level 2 (Chrono Boost)  
  165  10:38  Photon Cannon  
  165  10:40  Photon Cannon  
  171  10:58  Carrier (Chrono Boost)  
  171  10:59  Pylon  
  171  11:02  Stargate  
  171  11:04  Pylon  
  171  11:06  Carrier (Chrono Boost)  
  171  11:08  Photon Cannon  
  171  11:10  Pylon  
  182  11:34  Carrier (Chrono Boost)  
  178  11:42  Observer (Chrono Boost)  
  185  11:49  Nexus  
  185  11:51  Pylon  
  185  11:52  Photon Cannon  
  185  12:04  Carrier (Chrono Boost)  
  191  12:10  Photon Cannon  
  191  12:11  Photon Cannon  
  191  12:12  Photon Cannon  
  191  12:14  Observer (Chrono Boost)  
  192  12:27  Carrier  
  198  12:33  Observer (Chrono Boost)  
  195  12:53  Void Ray  
  167  13:13  Observer  

Tags
 
Add a new tag
Caveats
  • Supply blocks, unpowered buildings, or Contaminate may cause inaccurate times.
  • Supply counts are checked every 10 seconds.